 Dungeon Crawl Stone Soup version 0.27-a0-380-g150de4c316 (console) character file.

Game seed: 3181697502539904178

928 Terrapin the Slasher (level 7, -9/58 HPs)
             Began as a Purple Draconian Warper on Feb 17, 2021.
             Mangled by an orc warrior
             ... wielding a +0 long sword
              (17 damage)
             ... on level 6 of the Dungeon.
             The game lasted 00:16:59 (4695 turns).

Terrapin the Slasher (Purple Draconian Warper)      Turns: 4695, Time: 00:17:00

Health: -9/58      AC:  7    Str: 19    XL:     7   Next: 85%
Magic:  11/11      EV: 13    Int: 14    God:
Gold:   55         SH:  0    Dex: 12    Spells: 3/11 levels left

rFire    . . .     SeeInvis +   a - +3 long sword
rCold    . . .     Faith    .   (no shield)
rNeg     . . .     Spirit   .   (armour unavailable)
rPois    .         Reflect  .   (helmet restricted)
rElec    .         Harm     .   (no cloak)
rCorr    .         Rampage  .   j - +0 pair of gloves
Will     +....                  (no boots)
Stlth    +.........             (no amulet)
HPRegen  0.19/turn              w - +6 ring of strength
MPRegen  0.12/turn              z - ring of see invisible

@: no status effects
A: breathe power, unfitting armour, cold-blooded, AC +6
a: Breathe Dispelling Energy


You were on level 6 of the Dungeon.
You visited 1 branch of the dungeon, and saw 6 of its levels.

You collected 380 gold pieces.
You spent 325 gold pieces at shops.

Inventory:

Hand Weapons
 a - a +3 long sword (weapon)
 b - a +1 dagger of electrocution
Missiles
 d - 5 boomerangs of dispersal {!f}
 g - 126 stones (quivered)
 s - 17 poisoned darts
Armour
 j - a +0 pair of gloves (worn)
Jewellery
 o - a ring of fire
 w - a +6 ring of strength (left hand)
 z - a ring of see invisible (right hand)
Wands
 y - a wand of mindburst (14)
Scrolls
 c - a scroll of blinking {!r}
 h - a scroll of teleportation {unknown}
 k - a scroll of enchant armour {unknown}
 m - 7 scrolls of identify
 n - a scroll of amnesia {unknown}
 t - a scroll of immolation {unknown}
 u - 4 scrolls of magic mapping {!r}
 v - 2 scrolls of enchant weapon
Potions
 e - a potion of berserk rage {unknown}
 f - a potion of mutation {unknown}
 i - a potion of attraction {unknown}
 l - 2 potions of haste {unknown}
 p - 2 potions of resistance {unknown}
 q - 2 potions of heal wounds {unknown}
 r - a potion of degeneration {unknown}
 x - 2 potions of curing {unknown}


   Skills:
 + Level 3.6 Fighting
 * Level 6.2 Long Blades
 - Level 0.8 Throwing
 + Level 4.4 Dodging
 + Level 2.8 Spellcasting
 + Level 0.5 Hexes
 - Level 5.0 Translocations


You had 3 spell levels left.
You knew the following spells:

 Your Spells              Type           Power        Failure   Level
a - Lesser Beckoning      Tloc           7%           9%          3
b - Blink                 Tloc           N/A          4%          2
c - Confusing Touch       Hex            3%           45%         3

Your spell library contained the following spells:

 Spells                   Type           Power        Failure   Level
 Gell's Gravitas          Tloc           7%           9%          3
 Teleport Other           Tloc           15%          9%          3
 Corona                   Hex            3%           17%         1
 Ensorcelled Hibernation  Hex/Ice        4%           30%         2
 Tukima's Dance           Hex            3%           45%         3
 Dazzling Flash           Conj/Hex       4%           52%         3
 Manifold Assault         Tloc           15%          28%         4


Dungeon Overview and Level Annotations

Branches:
Dungeon (6/15)
 Temple: D:4-7

Altars:
Ashenzari
Elyvilon
Hepliaklqana
Xom

Shops:
D:5 :(


Innate Abilities, Weirdness & Mutations

You can breathe bolts of dispelling energy.
Your rich purple scales are hard. (AC +6)
You cannot fit into any form of body armour.
You are cold-blooded and may be slowed by cold attacks.


Message History

The orc priest shouts!
You hit the water moccasin skeleton.
The water moccasin skeleton is heavily damaged.
The water moccasin skeleton barely misses you.
You hear the slow rusting of a very distant drain.
You have got your breath back.
The water moccasin skeleton misses you.
You hit the water moccasin skeleton.
The water moccasin skeleton is severely damaged.
You closely miss the orc. You hit the orc.
The orc is lightly wounded.
You hit the orc warrior but do no damage.
The orc warrior is lightly wounded.
The orc closely misses you.
The orc warrior hits you with a +0 long sword!
The orc hits you but does no damage.
You hit the orc warrior but do no damage.
The orc warrior is lightly wounded.
The orc warrior hits you with a +0 long sword!
The orc closely misses you.
Unknown command.
You slash the orc warrior!
The orc warrior is heavily wounded.
The orc closely misses you.
You riposte.
You slash the orc!
You kill the orc!
The orc warrior hits you with a +0 long sword!!
* * * LOW HITPOINT WARNING * * *
Unknown command.
You see here a trident.
The orc priest invokes the aid of Beogh against you.
Beogh smites you!
* * * LOW HITPOINT WARNING * * *
You see here a jackal corpse.
There is an open door here.
The orc priest looks braver for a moment.
There is an open door here.
There is a stone staircase leading up here.
The orc warrior hits you with a +0 long sword!
You die...

#............#
#.......o....#
#............#
#............#
########'#####
#Z# #.#
######.#
#@oZ...#
########


You could see an orc warrior and a water moccasin skeleton.

Vanquished Creatures
  An ogre (D:2)
  A water moccasin skeleton (D:4)
  2 howler monkeys
  A centaur zombie (D:5)
  2 jellies (D:5)
  A bullfrog zombie (D:5)
  2 orc priests
  2 bullfrog skeletons
  An iguana (D:4)
  Jessica (D:3)
  3 orc wizards
  2 worker ants (D:4)
  A hound skeleton (D:5)
  Robin (D:3)
  3 gnolls (D:2)
  A howler monkey skeleton (D:4)
  9 adders
  3 oozes (D:2)
  An adder zombie (D:5)
  2 worms
  2 dart slugs (D:3)
  4 leopard geckos
  16 orcs
  13 bats
  2 giant cockroaches
  13 goblins
  11 hobgoblins
  12 jackals
  5 quokkas
  A ball python (D:2)
  6 frilled lizards
  7 kobolds
  A leopard gecko skeleton (D:5)
  2 leopard gecko zombies
  9 rats
144 creatures vanquished.

Notes
Turn   | Place    | Note
-------+----------+-------------------------------------------
     0 | D:1      | Terrapin the Draconian Warper began the quest for the Orb.
     0 | D:1      | Reached XP level 1. HP: 17/17 MP: 3/3
   147 | D:1      | Reached XP level 2. HP: 21/24 MP: 5/5
   300 | D:1      | Found a broken altar of Ashenzari.
   877 | D:2      | Reached skill level 3 in Long Blades
   877 | D:2      | Reached XP level 3. HP: 22/29 MP: 6/6
   880 | D:2      | Learned a level 2 spell: Blink
   884 | D:2      | Learned a level 3 spell: Lesser Beckoning
  1008 | D:2      | Noticed an ogre
  1135 | D:2      | Reached XP level 4. HP: 34/36 MP: 7/7
  1245 | D:2      | Killed an ogre
  1246 | D:2      | Reached skill level 4 in Long Blades
  1246 | D:2      | Reached XP level 5. HP: 26/41 MP: 8/8
  1415 | D:2      | Found a faded altar of an unknown god.
  2035 | D:3      | Found a white marble altar of Elyvilon.
  2086 | D:3      | Noticed Jessica
  2094 | D:3      | Killed Jessica
  2238 | D:3      | Reached XP level 6. HP: 48/48 MP: 9/9
  2343 | D:3      | Identified the +0 helmet "Coihialuv" {Int+2}
  2343 | D:3      | Noticed Robin
  2559 | D:3      | Killed Robin
  2560 | D:3      | Reached skill level 5 in Long Blades
  3467 | D:4      | Your scales start taking on a rich purple colour.
  3467 | D:4      | Reached XP level 7. HP: 17/56 MP: 10/10
  3770 | D:5      | Entered Level 5 of the Dungeon
  3982 | D:5      | Reached skill level 5 in Translocations
  4011 | D:5      | Found Kurof's Book Shop.
  4044 | D:5      | Found Emnuh's Antique Weapon Shoppe.
  4059 | D:5      | Reached skill level 6 in Long Blades
  4075 | D:5      | Bought a book of Maledictions for 325 gold pieces
  4079 | D:5      | Learned a level 3 spell: Confusing Touch
  4121 | D:5      | Found a hazy altar of Hepliaklqana.
  4124 | D:5      | Found a shimmering altar of Xom.
  4124 | D:5      | Noticed a wyvern
  4125 | D:5      | Noticed a spectral ugly thing
  4695 | D:6      | Mangled by an orc warrior

Illustrated notes

Levels and vault maps discovered:
D:1:      dpeg_arrival_rooms_a, layout_basic, evilmike_ruin_ashenzari
D:2:      layout_basic, chequers_ecumenical_altar_twisty
D:3:      kennysheep_big_flooded_room, layout_basic, lemuel_doored_altar,
          serial_aquarium, aquarium_bridge_square [aquarium_subvault_balcony,
          aquarium_subvault_window, aquarium_subvault_bridge,
          aquarium_subvault_wall], aquarium_window_corner, aquarium_window_3,
          aquarium_view_2d, aquarium_view_2a, skrybe_limestone_x, uniq_robin,
          uniq_jessica
D:4:      layout_basic, kennysheep_generic_room_2
D:5:      layout_basic, regret_index_temple_of_mockery, serial_curves,
          eino_curves_04, eino_curves_01, serial_shops, shop_fountains,
          nicolae_shop_statue_plus
D:6:      layout_basic, portal_sewer_entry_d

Skill      XL: |  1  2  3  4  5  6  7 |
---------------+----------------------+-----
Long Blades    | 3 4 5 6 |  6.2
Dodging        | 3 4 |  4.4
Translocations | 4 5 |  5.0
Fighting       | 3 |  3.6
Throwing       | |  0.8
Spellcasting   | |  2.8
Hexes          | |  0.5

Action                   |  1- 3 |  4- 6 |  7- 9 || total
-------------------------+-------+-------+-------++-------
Melee: Falchion          |    52 |       |       ||    52
       Tailslap          |     8 |    21 |    12 ||    41
       Dagger            |    37 |   218 |       ||   255
       Long sword        |       |    18 |   103 ||   121
Throw: Dart              |    11 |    13 |       ||    24
       Stone             |     4 |    15 |     7 ||    26
 Abil: Breathe Dispellin |       |       |     3 ||     3
  Use: Scroll            |       |       |     2 ||     2
 Stab: Sleeping          |     2 |     1 |     1 ||     4
Armor: Skin              |    27 |    79 |    31 ||   137
Dodge: Dodged            |    62 |   146 |    61 ||   269
       Rpst.: Falchion   |    12 |       |       ||    12
       Long sword        |       |       |    17 ||    17

Table legend: (Time is in decaauts)
 A = Elapsed time spent in this place.
 B = Non-inter-level travel time spent in this place.
 C = Inter-level travel time spent in this place.
 D = Time resting spent in this place.
 E = Time spent auto-exploring this place.
 F = Levels seen in this place.
 G = Mean time per level.
                   A        B        C        D        E       F      G
               +--------+--------+--------+--------+--------+-----+--------+
         Total |   4686 |   4476 |    210 |    728 |   2457 |   6 |  781.0 |
       Dungeon |   4686 |   4476 |    210 |    728 |   2457 |   6 |  781.0 |
               +--------+--------+--------+--------+--------+-----+--------+

Top non-repeatable levels by time:
     D:2: 1089 daAuts
     D:3: 1064 daAuts
     D:1: 1060 daAuts
     D:5: 857 daAuts
     D:4: 539 daAuts
     D:6: 76 daAuts
